 Dungeon Crawl Stone Soup version 0.30-a0-4-ga7cffc901d (webtiles) character file.

Game seed: 11824681985450835037

413 greasedhog the Trooper (level 6, -4/40 HPs)
             Began as a Gargoyle Artificer on Aug 20, 2022.
             Was an Initiate of Qazlal.
             Killed from afar by an orc (13 damage)
             ... with a bolt of acid
             ... on level 4 of the Dungeon.
             The game lasted 00:05:48 (3872 turns).

greasedhog the Trooper (Gargoyle Artificer)         Turns: 3872, Time: 00:05:49

Health: -4/40      AC:  8    Str: 17    XL:     6   Next: 91%
Magic:  6/6        EV: 11    Int: 12    God:    Qazlal [......]
Gold:   120        SH:  0    Dex: 16    Spells: 5/5 levels left

rFire   . . .      SeeInvis .    C - +0 flail
rCold   . . .      Faith    .    (no shield)
rNeg    + + .      Spirit   .    b - +0 leather armour
rPois   ∞          Reflect  .    A - +0 helmet
rElec   +          Harm     .    (no cloak)
rCorr   .          Rampage  .    (no gloves)
Will    .....                    (no boots)
Stlth   ++........               (no amulet)
HPRegen 0.13/turn                k - +6 ring of dexterity
MPRegen 0.10/turn                x - ring of positive energy

@: no status effects
A: sickness immunity, AC +4, negative energy resistance 1, electricity
resistance, torment resistance 1, petrification resistance
a: Renounce Religion


You were on level 4 of the Dungeon.
You worshipped Qazlal.
Qazlal was noncommittal.
You visited 1 branch of the dungeon, and saw 4 of its levels.

You collected 258 gold pieces.
You spent 138 gold pieces at shops.

Inventory:

Hand Weapons
 C - a +0 flail (weapon)
Missiles
 h - 9 poisoned darts (quivered)
 r - 5 curare-tipped darts
Armour
 b - a +0 leather armour (worn)
 A - a +0 helmet (worn)
Jewellery
 k - a +6 ring of dexterity (left hand)
 x - a ring of positive energy (right hand)
Wands
 c - a wand of flame (8)
 d - a wand of charming (17)
 i - a wand of acid (10)
Scrolls
 l - 3 scrolls of teleportation
 m - a scroll of amnesia
 o - a scroll of enchant armour
 p - a scroll of silence
 q - a scroll of enchant weapon
 t - a scroll of blinking
 v - a scroll of magic mapping {unknown}
Potions
 a - 4 potions of curing {unknown}
 f - 3 potions of lignification {unknown}
 g - a potion of berserk rage {unknown}
 j - a potion of mutation {unknown}
 n - 3 potions of brilliance {unknown}
 u - a potion of might {unknown}
 w - 2 potions of degeneration {unknown}
 z - a potion of resistance {unknown}
 B - a potion of heal wounds {unknown}


   Skills:
 - Level 5.0 Fighting
 * Level 4.6 Maces & Flails
 * Level 2.8 Armour
 - Level 0.7 Dodging
 - Level 1.1 Stealth
 - Level 2.6 Evocations


You had 5 spell levels left.
You didn't know any spells.
Your spell library contained the following spells:

 Spells                   Type           Power      Damage    Failure   Level
 Magic Dart               Conj           0%         1d3       36%         1
 Searing Ray              Conj           0%         2d4       52%         2
 Ozocubu's Armour         Ice            0%         N/A       75%         3
 Fulminant Prism          Conj/Hex       0%         3d6       98%         4
 Ozocubu's Refrigeration  Ice            0%         4d7       100%        7


Dungeon Overview and Level Annotations

Branches:
Dungeon (4/15)
 Temple: D:4-7

Altars:
Fedhas
Okawaru
Qazlal

Shops:
D:4 =?[*(


Innate Abilities, Weirdness & Mutations

You are immune to sickness and miasma.
Your stone body is resilient. (AC +4)
You are immune to poison.
You resist negative energy. (rN+)
You are resistant to electric shocks. (rElec)
You are resistant to unholy torment.
You are immune to petrification.


Message History

You climb upwards.
There is a stone staircase leading down here.
You hit the orc.
The orc is severely wounded.
The orc closely misses you.
You closely miss the orc.
The orc is severely wounded.
The orc barely misses you.
You barely miss the orc.
The orc is severely wounded.
The orc barely misses you.
You closely miss the orc.
The orc is severely wounded.
The orc hits you but does no damage.
You thump the orc!
You kill the orc!
Qazlal accepts your kill.
Things that are here:
a +0 short sword; a +0 hand axe
There is a stone staircase leading down here.
You climb downwards.
There is a stone staircase leading up here.
You start resting.
An orc wizard is nearby!
The orc throws a stone.
The stone closely misses you.
The orc zaps a wand.
The bolt of acid hits you!!
Ouch! That really hurt!
You hit the orc wizard.
The orc wizard is moderately wounded.
The orc wizard hits you but does no damage.
You hit the orc wizard.
The orc wizard is heavily wounded.
The orc wizard hits you but does no damage.
The orc zaps a wand.
The bolt of acid hits you.
* * * LOW HITPOINT WARNING * * *
The orc wizard attacks as you move away!
The orc wizard hits you with a +0 dagger.
* * * LOW HITPOINT WARNING * * *
The orc zaps a wand.
The bolt of acid hits you!
You die...

...........#....##..........#....
..##.##......#.....##............
..#####.#....#....###.......##...
..# ###>#..........##......###...
..###...............#......# #.##
#..#...#....##.............###.##
#..##..#..................##....#
............#.......o.....##.....
##.........###..@.o..............
###...######................##...
####...#.#...........∩.....###...
##.........###..............#....
....###..####...............#....
##.## #...##................#....
.#.## ###.###....................
.#..## ##..#..............)......
.#...# #...#..................###


You could see an orc wizard and an orc.

Vanquished Creatures
  Menkaure (D:4)
  A water moccasin (D:3)
  A phantom (D:4)
  A jelly (D:4)
  2 adders (D:3)
  A dart slug (D:2)
  2 worms
  4 orcs (D:3)
  5 bats
  7 endoplasms
  4 goblins
  3 hobgoblins
  2 jackals (D:2)
  3 quokkas
  5 ball pythons
  A frilled lizard (D:3)
  5 kobolds
  3 rats
51 creatures vanquished.

Vanquished Creatures (others)
  6 plants (D:2)
6 creatures vanquished.

Grand Total: 57 creatures vanquished

Notes
Turn   | Place    | Note
-------+----------+-------------------------------------------
     0 | D:1      | greasedhog the Gargoyle Artificer began the quest for the
                  | Orb.
     0 | D:1      | Reached XP level 1. HP: 12/12 MP: 1/1
   220 | D:1      | Reached skill level 1 in Maces & Flails
   220 | D:1      | Reached XP level 2. HP: 17/17 MP: 2/2
   460 | D:1      | Reached skill level 2 in Fighting
   917 | D:2      | Reached XP level 3. HP: 15/22 MP: 3/3
  2191 | D:3      | Found a stormy altar of Qazlal.
  2271 | D:3      | Reached skill level 3 in Fighting
  2271 | D:3      | Reached XP level 4. HP: 23/28 MP: 4/4
  2329 | D:3      | Noticed a water moccasin
  2530 | D:3      | Killed a water moccasin
  2531 | D:3      | Reached skill level 4 in Fighting
  2531 | D:3      | Reached XP level 5. HP: 33/33 MP: 5/5
  2625 | D:3      | Found a blossoming altar of Fedhas.
  2957 | D:4      | Found Rockosoch's Antique Weapon Boutique.
  2978 | D:4      | Noticed a phantom
  3299 | D:4      | Noticed Menkaure
  3299 | D:4      | Found Nymnack's General Store.
  3302 | D:4      | Killed Menkaure
  3303 | D:4      | Reached skill level 5 in Fighting
  3303 | D:4      | Reached XP level 6. HP: 31/40 MP: 6/6
  3371 | D:4      | Bought a scroll of identify for 26 gold pieces
  3431 | D:4      | Found Peonay's Magic Scroll Emporium.
  3438 | D:4      | Bought 2 scrolls of identify for 56 gold pieces
  3438 | D:4      | Bought a scroll of identify for 28 gold pieces
  3438 | D:4      | Bought a scroll of identify for 28 gold pieces
  3461 | D:3      | Became a worshipper of Qazlal Stormbringer
  3484 | D:4      | Found Birru's Antique Armour Emporium.
  3550 | D:4      | Found Yvenes's Jewellery Shop.
  3631 | D:4      | Found an iron altar of Okawaru.
  3872 | D:4      | Killed from afar by an orc

Illustrated notes

Levels and vault maps discovered:
D:1:      minmay_arrival_solitary_statue, layout_basic, minmay_tetromino_s4
D:2:      layout_loops_ring, serial_forest, infiniplex_forest_clump_small,
          infiniplex_forest_straight_2, infiniplex_forest_straight_2,
          infiniplex_forest_clump_curved, infiniplex_forest_clump_double,
          infiniplex_forest_straight_5
D:3:      layout_basic, mainiacjoe_overflow_small_starburst,
          nicolae_overflow_hidden_temple
D:4:      layout_cave_pools, mainiacjoe_overflow_brackets, serial_shops,
          nicolae_take_the_stairs, nicolae_square_shop, shop, shop,
          nicolae_diamond_shop, uniq_menkaure

Skill      XL: |  1  2  3  4  5 |
---------------+----------------+-----
Maces & Flails | 1 2 3 4 |  4.6
Fighting       | 2 3 4 5 |  5.0
Armour         | |  2.8
Dodging        | |  0.7
Stealth        | |  1.1
Evocations     | |  2.6

Action                   |  1- 3 |  4- 6 || total
-------------------------+-------+-------++-------
Melee: Club              |    16 |       ||    16
       Whip              |   107 |    15 ||   122
       Mace              |       |    21 ||    21
       Flail             |       |    28 ||    28
Throw: Dart              |     8 |       ||     8
Evoke: Wand              |       |    16 ||    16
  Use: Scroll            |       |     9 ||     9
 Stab: Sleeping          |     8 |       ||     8
Armor: Leather armour    |    52 |    31 ||    83
Dodge: Dodged            |    57 |    32 ||    89

Table legend: (Time is in decaauts)
 A = Elapsed time spent in this place.
 B = Non-inter-level travel time spent in this place.
 C = Inter-level travel time spent in this place.
 D = Time resting spent in this place.
 E = Time spent auto-exploring this place.
 F = Levels seen in this place.
 G = Mean time per level.
                   A        B        C        D        E       F      G
               +--------+--------+--------+--------+--------+-----+--------+
         Total |   3887 |   3719 |    168 |    576 |   2551 |   4 |  971.8 |
       Dungeon |   3887 |   3719 |    168 |    576 |   2551 |   4 |  971.8 |
               +--------+--------+--------+--------+--------+-----+--------+

Top non-repeatable levels by time:
     D:3: 1278 daAuts
     D:2: 1030 daAuts
     D:1: 895 daAuts
     D:4: 683 daAuts
